 Dungeon Crawl Stone Soup version 0.24-a0-284-g9fb9971 (webtiles) character file.

Game seed: 15214063063186587271

159 Anon1729 the Ducker (level 5, 0/41 HPs)
             Began as a Vampire Monk on May 5, 2019.
             Slain by an orc
             ... wielding a +0 whip
              (3 damage)
             ... on level 3 of the Dungeon.
             The game lasted 00:04:04 (3675 turns).

Anon1729 the Ducker (Vampire Monk)                  Turns: 3675, Time: 00:04:05

Health: 0/41       AC:  2    Str: 10    XL:     5   Next: 17%
Magic:  5/5        EV: 15    Int: 13    God:
Gold:   98         SH:  0    Dex: 17    Spells: 4/4 levels left

rFire    . . .     SeeInvis +   a - +0 falchion
rCold    . . .     Gourm    .   (no shield)
rNeg     + . .     Faith    .   b - +0 robe
rPois    .         Spirit   .   (no helmet)
rElec    .         Reflect  .   (no cloak)
rCorr    .         Harm     .   (no gloves)
MR       .....                  (no boots)
Stlth    +++.......             (no amulet)
HPRegen  0.13/turn              (no ring)
MPRegen  0.09/turn              (no ring)

@: lethally poisoned (0 -> -1)
A: fangs 3, see invisible, unbreathing
a: Bat Form


You were on level 3 of the Dungeon.
You were not thirsty.

You visited 1 branch of the dungeon, and saw 3 of its levels.

You collected 98 gold pieces.

Inventory:

Hand Weapons
 a - a +0 falchion (weapon)
Armour
 b - a +0 robe (worn)
Scrolls
 d - a scroll of immolation {unknown}
 f - 2 scrolls of identify {unknown}
 g - 2 scrolls of remove curse {unknown}
 h - a scroll of blinking {unknown}
 i - 2 scrolls of enchant armour {unknown}
 j - a scroll of amnesia {unknown}
Potions
 c - a potion of magic {unknown}
 e - 2 potions of curing {unknown}
 q - 4 potions of blood


   Skills:
 + Level 3.2 Fighting
 * Level 4.2 Long Blades
 * Level 4.6 Dodging
 + Level 4.2 Stealth


You had 4 spell levels left.
You didn't know any spells.
Your spell library was empty.

Dungeon Overview and Level Annotations

Branches:
Dungeon (3/15)

Altars:


Innate Abilities, Weirdness & Mutations

You have razor-sharp teeth.
You have supernaturally acute eyesight. (SInv)
You can survive without breathing.


Message History

You feel sick. The orc hits you with a +0 trident!
* * * LOW HITPOINT WARNING * * *
You hit the orc.
The orc is severely wounded.
The orc misses you.
You hit the orc.
You kill the orc!
You barely miss the orc.
You feel sick. The orc closely misses you.
You barely miss the orc. The orc barely misses you.
You riposte.
You hit the orc.
The orc is severely wounded.
You hit the orc.
You kill the orc!
You closely miss the orc. The orc hits you but does no damage.
You barely miss the orc.
You feel sick. The orc hits you with a +0 whip.
* * * LOW HITPOINT WARNING * * *
You barely miss the orc. The orc hits you with a +0 whip.
* * * LOW HITPOINT WARNING * * *
You hit the orc but do no damage. The orc hits you with a +0 whip.
You die...

........# #...#.#.# ........#
#...#.#.# ........#########.#.#
.....)..'.....# #.#.#.#
........#####.# #.#.#.#
........(..##.###)#.#.#.# #.#....
#.######...##.....#.#.#.# #.#....
# ######...########.#.#.# #.#....
#........+...o@...#.#.# #.#....
#.#......##########.#.# #.#....
#.#....### ########'#.# #.#....
#.#....# #..........###.#....
#.#....# #................%.. #
#.>..### ###..........#.#.##...
#.#....# #............#.#.#....
#......# #...######...#.#รท#...#
###....#####...##########.#.#.(..


You could see an orc.

Vanquished Creatures
  A crimson imp (D:3)
  An orc wizard (D:3)
  3 adders
  An ooze (D:1)
  2 worms (D:3)
  A dart slug (D:2)
  A leopard gecko (D:3)
  4 orcs (D:3)
  6 bats
  A giant cockroach (D:2)
  5 goblins
  6 hobgoblins
  5 frilled lizards
  10 kobolds
  10 rats
57 creatures vanquished.

Notes
Turn   | Place    | Note
-------+----------+-------------------------------------------
     0 | D:1      | Anon1729 the Vampire Monk began the quest for the Orb.
     0 | D:1      | Reached XP level 1. HP: 17/17 MP: 1/1
   499 | D:1      | Reached XP level 2. HP: 20/23 MP: 2/2
   873 | D:2      | Reached XP level 3. HP: 24/28 MP: 3/3
  2615 | D:3      | Reached XP level 4. HP: 12/35 MP: 4/4
  3662 | D:3      | Reached XP level 5. HP: 27/41 MP: 5/5
  3675 | D:3      | Slain by an orc

Levels and vault maps discovered:
D:1:      dpeg_arrival_ratfight, layout_rooms, fountainhead
D:2:      layout_basic
D:3:      layout_basic, first_ration

Skill      XL: |  1  2  3  4 |
---------------+-------------+-----
Fighting       | 3 |  3.2
Dodging        | 4 |  4.6
Long Blades    | 4 |  4.2
Stealth        | 4 |  4.2

Action                   |  1- 3 |  4- 6 || total
-------------------------+-------+-------++-------
Melee: Falchion          |   136 |    63 ||   199
       Bite              |    20 |     6 ||    26
  Use: Potion            |     4 |     4 ||     8
 Stab: Sleeping          |     6 |     7 ||    13
Armor: Robe              |    15 |     5 ||    20
Dodge: Dodged            |   110 |    27 ||   137
       Rpst.: Falchion   |    30 |    10 ||    40

Table legend:
 A = Non-vault XP
 B = Vault XP
 C = Vault XP percentage of total XP
 D = Non-vault monster count
 E = Vault monster count
 F = Vault count percentage of total count
                 A         B        C        D         E       F
            +---------+---------+-------+---------+---------+-------
      Total |     223 |       5 |   2.2 |      52 |       5 |   8.8
            +---------+---------+-------+---------+---------+-------
        D:1 |      29 |       5 |  14.7 |      16 |       5 |  23.8
        D:2 |      52 |       0 |   0.0 |      16 |       0 |   0.0
        D:3 |     142 |       0 |   0.0 |      20 |       0 |   0.0
            +---------+---------+-------+---------+---------+-------
